 Dungeon Crawl Stone Soup version 0.24.0-13-gcf9b319 (webtiles) character file.

Game seed: 9312970961398521872, levelgen mode: deterministic

53 AkioCrescent the Skirmisher (level 3, -4/33 HPs)
             Began as a Draconian Monk on Nov 16, 2019.
             Slain by Crazy Yiuf
             ... wielding a +2 quarterstaff of chaos
              (11 damage)
             ... on level 2 of the Dungeon.
             The game lasted 00:04:16 (1620 turns).

AkioCrescent the Skirmisher (Draconian Monk)        Turns: 1620, Time: 00:04:16

Health: -4/33      AC:  0    Str: 14    XL:     3   Next: 64%
Magic:  3/3        EV: 15    Int: 11    God:
Gold:   74         SH:  0    Dex: 13    Spells: 2/2 levels left

rFire    . . .     SeeInvis .   (weapon currently unavailable)
rCold    . . .     Gourm    .   (shield currently unavailable)
rNeg     . . .     Faith    .   (armour unavailable)
rPois    .         Spirit   .   (helmet currently unavailable)
rElec    .         Reflect  .   (cloak currently unavailable)
rCorr    .         Harm     .   (gloves currently unavailable)
MR       .....                  (boots currently unavailable)
Stlth    ++........             (no amulet)
HPRegen  0.11/turn              (ring currently unavailable)
MPRegen  0.08/turn              (ring currently unavailable)

@: brilliant, pig-form (expiring), lightly drained, very quick
A: small, unfitting armour, dopey 2, MP-powered wands, AC +5
a: no special abilities


You were on level 2 of the Dungeon.
You were very hungry.
You were a filthy swine.
You visited 1 branch of the dungeon, and saw 2 of its levels.

You collected 74 gold pieces.

Inventory:

Hand Weapons
 a - a +0 falchion (melded)
Armour
 g - a +0 pair of gloves (melded)
Scrolls
 c - 2 scrolls of enchant armour {unknown}
 d - a scroll of random uselessness {unknown}
 f - 4 scrolls of identify {unknown}
 h - a scroll of enchant weapon {unknown}
 i - 2 scrolls of fog {unknown}
 l - a scroll of teleportation {unknown}
Comestibles
 b - 5 rations


   Skills:
 + Level 3.7(3.4) Fighting
 + Level 3.6(3.2) Long Blades
 + Level 3.2(2.8) Dodging
 + Level 2.3(2.0) Stealth


You had 2 spell levels left.
You didn't know any spells.
Your spell library was empty.

Dungeon Overview and Level Annotations

Branches:
Dungeon (2/15)

Altars:
Dithmenos
Trog

Annotations:
D:2 Crazy Yiuf


Innate Abilities, Weirdness & Mutations

((Your plain brown scales are hard. (AC +5)))
You cannot fit into any form of body armour.
((You are cold-blooded and may be slowed by cold attacks.))
((Your large and strong wings let you fly indefinitely.))
You are very dopey. (Int -4)
You expend magic power (3 MP) to strengthen your wands.


Message History

Crazy Yiuf is lightly wounded.
Crazy Yiuf hits you with a +2 quarterstaff of chaos.
Crazy Yiuf freezes you.
You hit Crazy Yiuf.
Crazy Yiuf is moderately wounded.
Crazy Yiuf hits you with a +2 quarterstaff of chaos.
It was a potion of curing.
You feel better.
Crazy Yiuf hits you with a +2 quarterstaff of chaos!
Crazy Yiuf freezes you.
It was a potion of brilliance.
You feel clever all of a sudden.
Your transformation is almost over.
Crazy Yiuf hits you with a +2 quarterstaff of chaos!
* * * LOW HITPOINT WARNING * * *
You feel drained.
* * * LOW HITPOINT WARNING * * *
It was a potion of mutation.
You feel extremely strange.
You feel stupid. x2; Your wings grow larger and stronger.
You feel your magical essence link to the dungeon's wands.
Crazy Yiuf hits you with a +2 quarterstaff of chaos!
You die...

.............# #.........#
################.........#
#............##.........########
#.##########.##..(..............
#.#.....#.....#.........########
#.#.###.##.#..#.........# #.#.#
#.##.#..#.........#
#.#.###.##.#..#g........#
#.#.....)..#..#h........#
#######÷####.........####
#.....##.#....################
#.............................
♣###.......<#.#.#################
..#..########..... #
................### #
....###########.# ..### ###


You could see Crazy Yiuf.

Vanquished Creatures
  Terence (D:2)
  A leopard gecko (D:2)
  4 bats
  4 hobgoblins
  2 jackals (D:1)
  3 kobolds
  3 frilled lizards
  3 goblins
  7 rats
28 creatures vanquished.

Notes
Turn   | Place    | Note
-------+----------+-------------------------------------------
     0 | D:1      | AkioCrescent the Draconian Monk began the quest for the
                  | Orb.
     0 | D:1      | Reached XP level 1. HP: 19/19 MP: 1/1
   355 | D:1      | Reached XP level 2. HP: 22/26 MP: 2/2
   697 | D:2      | Found a shadowy altar of Dithmenos.
   997 | D:2      | Found a bloodstained altar of Trog.
  1300 | D:2      | Noticed Terence
  1313 | D:2      | Killed Terence
  1313 | D:2      | Reached XP level 3. HP: 23/33 MP: 3/3
  1381 | D:2      | Found a runed translucent door.
  1382 | D:2      | Noticed Crazy Yiuf
  1620 | D:2      | Gained mutation: You are dopey. (Int -2) [potion of
                  | mutation]
  1620 | D:2      | Gained mutation: You are very dopey. (Int -4) [potion of
                  | mutation]
  1620 | D:2      | Gained mutation: Your large and strong wings let you fly
                  | indefinitely. [potion of mutation]
  1620 | D:2      | Gained mutation: You expend magic power (3 MP) to
                  | strengthen your wands. [potion of mutation]
  1620 | D:2      | Slain by Crazy Yiuf

Levels and vault maps discovered:
D:1:      lemuel_arrival_lava_pool, layout_basic
D:2:      layout_basic, nicolae_dithmenos_shadow_blocks, bloody_trog,
          uniq_terence, uniq_crazy_yiuf_cottage

Skill      XL: |  1  2 |
---------------+-------+-----
Stealth        | 2 |  2.3
Dodging        | 3 |  3.2
Fighting       | |  3.7
Long Blades    | |  3.6

Action                   || total
-------------------------++-------
Melee: Falchion          ||    75
       Tailslap          ||    10
       Unarmed           ||     3
  Use: Potion            ||     4
 Stab: Sleeping          ||     2
  Eat: Chunk             ||     1
Armor: Skin              ||    25
Dodge: Dodged            ||    53
       Rpst.: Falchion   ||    17
